Map: Mech Depot LE

Players

Julles - Winner!

  • Race: Terran Terran
  • League: Diamond
  • Spawn Location: 1:00

A.I. 1 (Easy)

  • Race: Protoss Protoss
  • Spawn Location: 7:00

VOD

Have the link to the VOD?

Description

Time

  • Played on: Aug. 21, 2017, 10:58 a.m.
  • Length: 7:42
Show
View Real Time Build Order
Export as new Build Order

Julles Terran - Winner!

Build Orders: MMM Bio 

Get SALT Encoding   

  12  0:01  SCV  
  13  0:13  SCV  
  14  0:17  Supply Depot  
  14  0:25  SCV  
  15  0:39  SCV  
  15  0:41  Barracks  
  16  0:44  Refinery  
  16  0:51  SCV  
  17  1:03  SCV  
  18  1:15  SCV  
  19  1:28  Orbital Command  
  19  1:29  Barracks Reactor  
  19  1:41  Command Center  
  19  1:51  Barracks  
  19  1:55  SCV  
  20  2:04  Supply Depot  
  20  2:07  SCV  
  21  2:09  Marine  
  21  2:12  Marine  
  23  2:23  Engineering Bay  
  23  2:26  SCV  
  23  2:29  Marine  
  25  2:30  Marine  
  26  2:38  Barracks  
  26  2:41  Barracks Tech Lab  
  27  2:44  SCV  
  27  2:47  Marine  
  27  2:50  Marine  
  29  2:56  Orbital Command  
  29  3:02  SCV  
  29  3:04  Terran Infantry Weapons Level 1  
  30  3:06  Marine  
  30  3:11  Marine  
  32  3:13  Marine  
  32  3:14  SCV  
  32  3:16  Combat Shields  
  34  3:22  SCV  
  34  3:25  Marine  
  34  3:26  SCV  
  37  3:28  Marine x2  
  37  3:33  Marine  
  40  3:34  SCV  
  40  3:36  Supply Depot  
  40  3:39  SCV  
  42  3:43  Marine  
  42  3:46  Marine x2  
  42  3:47  SCV  
  46  3:58  SCV, Supply Depot, Marine  
  46  3:59  SCV  
  46  4:01  Marine  
  50  4:03  Marine  
  50  4:07  Supply Depot  
  50  4:08  Marine  
  52  4:10  SCV  
  52  4:11  SCV  
  54  4:19  Marine x2  
  54  4:22  SCV  
  57  4:29  Refinery  
  57  4:30  Factory, Marine  
  57  4:31  Refinery, SCV  
  59  4:32  Refinery  
  59  4:33  Barracks Reactor  
  59  4:34  SCV  
  60  4:38  Marine x2  
  60  4:43  SCV  
  63  4:46  SCV  
  63  4:48  Marine  
  65  4:55  SCV  
  65  4:56  Marine x2  
  65  4:58  Terran Infantry Armor Level 1, Stimpack  
  65  4:59  SCV  
  69  5:06  Supply Depot, Marine  
  68  5:07  SCV  
  68  5:11  SCV, Marine  
  68  5:14  Marine  
  69  5:16  Factory Reactor  
  69  5:18  Marine, Starport  
  70  5:24  Supply Depot  
  70  5:26  Armory  
  70  5:27  Marine  
  70  5:28  SCV x2  
  73  5:30  Engineering Bay  
  73  5:39  Marine x4  
  73  5:40  SCV  
  73  5:41  SCV  
  78  5:45  Marine  
  78  5:48  Supply Depot  
  79  5:52  SCV  
  79  5:53  SCV  
  79  5:56  Command Center  
  80  6:02  Marine x2  
  80  6:03  Marine  
  84  6:04  SCV  
  84  6:05  SCV  
  84  6:10  Factory Tech Lab, Medivac x2  
  89  6:16  Marine  
  89  6:17  SCV, Supply Depot, Marine  
  92  6:18  SCV  
  92  6:22  Marine  
  94  6:29  SCV  
  94  6:30  SCV  
  94  6:31  Siege Tank  
  99  6:36  Marine  
  100  6:40  Supply Depot, Medivac  
  100  6:41  SCV, Marine  
  100  6:42  Marine  
  100  6:45  Marine x2  
  107  6:47  SCV  
  107  6:54  SCV, Marine  
  110  6:57  Supply Depot  
  110  7:02  SCV, Marine x2  
  110  7:03  Medivac  
  110  7:07  Siege Tank  
  118  7:08  Marine  
  118  7:11  Marine x2  
  118  7:12  SCV  
  122  7:16  SCV  
  122  7:19  Supply Depot  
  123  7:23  Marine x2  
  123  7:28  SCV  
  123  7:29  SCV  
Show
View Real Time Build Order
Export as new Build Order

A.I. 1 (Easy) Protoss 

Build Orders:  

Get SALT Encoding   

  12  0:01  Probe (Chrono Boost)  
  13  0:11  Probe (Chrono Boost)  
  14  0:20  Pylon  
  14  0:22  Probe (Chrono Boost)  
  15  0:38  Probe (Chrono Boost)  
  16  0:42  Assimilator  
  16  0:51  Gateway  
  16  0:55  Pylon  
  16  1:17  Assimilator  
  16  1:37  Zealot  
  16  1:42  Cybernetics Core  
  18  2:06  Pylon  
  18  2:11  Probe (Chrono Boost)  
  18  2:13  Warp Gate  
  19  2:16  Stalker  
  19  2:22  Probe (Chrono Boost)  
  22  2:34  Probe (Chrono Boost)  
  23  2:45  Probe (Chrono Boost)  
  23  2:48  Adept  
  26  2:57  Probe (Chrono Boost)  
  27  3:08  Probe (Chrono Boost)  
  28  3:17  Stalker  
  30  3:48  Adept  
  32  5:05  Zealot  
  32  5:12  Pylon  
  24  5:23  Stalker  
  24  5:35  Gateway  
  24  5:37  Probe (Chrono Boost)  
  18  5:47  Probe (Chrono Boost)  
  18  5:49  Pylon  
  8  5:58  Probe (Chrono Boost)  
  9  6:08  Probe (Chrono Boost)  
  10  6:19  Probe (Chrono Boost)  
  11  6:29  Adept  
  11  6:30  Probe (Chrono Boost)  
  13  6:41  Probe (Chrono Boost)  
  12  6:48  Zealot  
  12  6:49  Robotics Facility  
  12  6:53  Probe (Chrono Boost)  
  15  6:55  Pylon  
  15  6:57  Nexus  
  13  7:04  Probe (Chrono Boost)  
  13  7:06  Zealot  
  10  7:15  Probe (Chrono Boost)  
  8  7:25  Zealot  
  8  7:27  Probe (Chrono Boost)  
Tags
 
Composition
MMM Bio
League
Diamond
Matchup
PvT
Spawn Locations
Cross Positions
Add a new tag
Caveats
  • Supply blocks, unpowered buildings, or Contaminate may cause inaccurate times.
  • Supply counts are checked every 10 seconds.